 Dungeon Crawl Stone Soup version 0.17.1-1-g73c8601 (webtiles) character file.

95 PinkishYellow the Chopper (level 4, -3/58 HPs)
             Began as a Minotaur Berserker on Dec 19, 2015.
             Was a Believer of Trog.
             Killed from afar by Sigmund (5 damage)
             ... with a wand of frost
             ... on level 2 of the Dungeon.
             The game lasted 00:03:54 (1184 turns).

PinkishYellow the Chopper (Minotaur Berserker)      Turns: 1184, Time: 00:03:54

Health: -3/58      AC:  4    Str: 27    XL:     4   Next: 40%
Magic:  3/3        EV: 12    Int:  4    God:    Trog [**....]
Gold:   20         SH:  0    Dex: 10    Spells: 0 memorised, 3 levels left

rFire  . . .     SeeInvis .     a - +0 hand axe
rCold  . . .     Clarity  .     b - +0 animal skin
rNeg   . . .     SustAt   .     (no shield)
rPois  .         Gourm    .     (helmet restricted)
rElec  .         Spirit   .     (no cloak)
rCorr  .         Warding  .     k - +1 pair of gloves
rMut   .         Stasis   .     (no boots)
MR     .....                    (no amulet)
Stlth  ..........               (no ring)
                                (no ring)

@: berserking, very quick, not resistant to hostile enchantments, extremely
unstealthy
A: retaliatory headbutt, horns 2
a: Berserk, Trog's Hand, Burn Spellbooks, Renounce Religion


You were on level 2 of the Dungeon.
You worshipped Trog.
Trog was pleased with you.
You were not hungry.

You visited 1 branch of the dungeon, and saw 2 of its levels.

You collected 20 gold pieces.

Inventory:

Hand Weapons
 a - a +0 hand axe (weapon)
Armour
 b - a +0 animal skin (worn)
 k - a +1 pair of gloves (worn)
Scrolls
 f - 2 scrolls of identify {unknown}
 i - a scroll of remove curse {unknown}
 j - a scroll of teleportation {unknown}
 l - a scroll of fear {unknown}
Potions
 d - a potion of mutation {unknown}
 e - 3 potions of curing {unknown}
 h - a potion of flight {unknown}
Comestibles
 c - a bread ration
 g - 5 chunks of flesh


   Skills:
 - Level 3.6 Fighting
 + Level 6.3 Axes
 - Level 2.4 Armour
 - Level 2.1 Dodging


You had 3 spell levels left.
You didn't know any spells.

Dungeon Overview and Level Annotations

Branches:
Dungeon (2/15)

Altars:

Annotations:
D:2 Sigmund


Innate Abilities, Weirdness & Mutations

You reflexively headbutt those who attack you in melee.
You have a pair of horns on your head.


Message History

A red film seems to cover your vision as you go berserk!
You feel yourself moving faster!
You feel mighty!
You feel somewhat more hungry.
You hit Terence. You headbutt Terence.
Terence is severely wounded.
Terence barely misses you.
You completely miss Terence. You headbutt Terence, but do no damage.
Terence is severely wounded.
Sigmund hits you from afar with a scythe!
* * * LOW HITPOINT WARNING * * *
Terence closely misses you. You furiously retaliate!
You headbutt Terence!
You kill Terence!
Trog accepts your kill.
Your Axes skill increases to level 6!
Items here: ) / [ † a flail; a chain mail; a jewelled iron wand; the human corpse of Terence You slash Sigmund!
Sigmund is heavily wounded.
Sigmund zaps a wand.
The puff of frost hits you!
You die...

...........@...
...............
.........@.....
.............
#......@... ##
#....@..... ..
#..#.######
#..#..@#########
#.#...@........ ######
#....##########
.....#######..........#
......................#
...........##.........#
...........##.........#
...........##......####
####.......##..†)...#
#.......##..†....#


You could see Sigmund.

Vanquished Creatures
  Jessica (D:2)
  Terence (D:2)
  An adder (D:2)
  2 oozes (D:1)
  A worm (D:2)
  A giant gecko (D:1)
  4 bats (D:2)
  3 hobgoblins (D:1)
  4 kobolds
  2 giant cockroaches (D:1)
  A giant newt (D:1)
  3 goblins
  2 rats
26 creatures vanquished.

Notes
Turn   | Place    | Note
--------------------------------------------------------------
     0 | D:1      | PinkishYellow the Minotaur Berserker began the quest for the Orb.
     0 | D:1      | Reached XP level 1. HP: 19/19 MP: 0/0
   132 | D:1      | Reached skill level 4 in Axes
   528 | D:1      | Reached XP level 2. HP: 26/26 MP: 1/1
   932 | D:1      | Reached skill level 5 in Axes
  1075 | D:2      | Reached XP level 3. HP: 26/31 MP: 2/2
  1101 | D:2      | Reached ** piety under Trog
  1151 | D:2      | Noticed Jessica
  1156 | D:2      | Killed Jessica
  1156 | D:2      | Reached XP level 4. HP: 15/39 MP: 3/3
  1171 | D:2      | Noticed Terence
  1172 | D:2      | Noticed Sigmund
  1182 | D:2      | HP: 2/58 [Sigmund/scythe (11)]
  1182 | D:2      | Killed Terence
  1182 | D:2      | Reached skill level 6 in Axes
  1184 | D:2      | Killed from afar by Sigmund

Action                   |  1- 3 |  4- 6 || total
-------------------------+-------+-------++-------
Melee: Hand axe          |    41 |     3 ||    44
Invok: Berserk           |       |     1 ||     1
  Eat: Chunk             |     1 |       ||     1
